 Dungeon Crawl Stone Soup version 0.24.1-8-ga250c9d538 (webtiles) character file.

Game seed: 16424448517209195285, levelgen mode: deterministic

7578 Hugehornet the Transmogrifier (level 11, -11/69 HPs)
             Began as an Octopode Transmuter on May 1, 2020.
             Was a High Priest of Cheibriados.
             Killed from afar by Erica (31 damage)
             ... with an orb of energy
             ... on level 10 of the Dungeon.
             The game lasted 01:04:27 (14191 turns).

Hugehornet the Transmogrifier (OpTm)               Turns: 14191, Time: 01:04:28

Health: -11/69     AC:  6    Str: 23    XL:     11   Next: 17%
Magic:  13/19      EV: 28    Int: 33    God:    Cheibriados [*****.]
Gold:   655        SH:  0    Dex: 32    Spells: 5/21 levels left

rFire    + . .     SeeInvis .     - Unarmed
rCold    . . .     Gourm    .   (shield currently unavailable)
rNeg     . . .     Faith    .   (helmet currently unavailable)
rPois    .         Spirit   .   (no amulet)
rElec    .         Reflect  .   b - ring of poison resistance
rCorr    .         Harm     .   k - ring of flight
MR       .....                  r - ring of protection from cold
Stlth    +++++.....             s - +2 ring of evasion
HPRegen  0.21/turn              v - ring of stealth
MPRegen  0.16/turn              A - +4 ring of protection
                                B - ring of fire
                                (no ring)

@: lethally poisoned (-11 -> -20), spider-form (expiring), very slow
A: tiny, almost no armour, stealthy swim, (amphibious), 8 rings, (constrict 8)
a: End Transformation, Bend Time, Temporal Distortion, Slouch, Step From Time,
Renounce Religion, Evoke Flight


You were on level 10 of the Dungeon.
You worshipped Cheibriados.
Cheibriados was extremely pleased with you.
You were not hungry.
You were a venomous arachnid creature.
You visited 1 branch of the dungeon, and saw 10 of its levels.
You also visited: Ossuary.

You collected 811 gold pieces.
You spent 156 gold pieces at shops.

Inventory:

Missiles
 a - 83 arrows
Armour
 y - a +1 hat (melded)
Jewellery
 b - a ring of poison resistance (left front leg)
 k - a ring of flight (right front leg)
 r - a ring of protection from cold (on tentacle)
 s - a +2 ring of evasion (on tentacle)
 v - a ring of stealth (on tentacle)
 A - a +4 ring of protection (on tentacle)
 B - a ring of fire (on tentacle)
Wands
 l - a wand of clouds (6)
 p - a wand of flame (28)
 E - a wand of scattershot (5)
Scrolls
 h - 2 scrolls of fog {unknown}
 i - 2 scrolls of magic mapping
 n - 7 scrolls of teleportation {unknown}
 o - 2 scrolls of noise {unknown}
 q - 7 scrolls of amnesia
 u - 3 scrolls of enchant weapon
 x - 2 scrolls of identify
Potions
 e - a potion of brilliance
 f - a potion of resistance
 g - 6 potions of lignification
 j - 2 potions of flight
 m - 2 potions of curing
 t - 3 potions of agility
 w - a potion of mutation
 C - a potion of might {unknown}
 D - a potion of berserk rage {unknown}
Miscellaneous
 z - a lamp of fire
Comestibles
 c - 20 rations


   Skills:
 + Level 4.2 Fighting
 + Level 4.5 Dodging
 + Level 5.7 Stealth
 * Level 8.9 Unarmed Combat
 + Level 5.7 Spellcasting
 + Level 9.3 Transmutations
 - Level 4.0 Ice Magic
 - Level 3.4 Poison Magic
 + Level 4.9 Invocations


You had 5 spell levels left.
You knew the following spells:

 Your Spells              Type           Power        Failure   Level  Hunger
a - Beastly Appendage     Tmut           ######       1%          1    None
b - Sticks to Snakes      Tmut           ######..     1%          2    None
c - Spider Form           Tmut/Pois      ######....   5%          3    None
d - Ice Form              Ice/Tmut       ######..     10%         4    ###....
e - Blade Hands           Tmut           ######....   10%         5    #####..
f - Confusing Touch       Hex            #.....       13%         1    None

Your spell library contained the following spells:

 Spells                   Type           Power        Failure   Level  Hunger
 Petrify                  Tmut/Erth      #####...     17%         4    ###....
 Confuse                  Hex            #.......     30%         3    None
 Gell's Gravitas          Tloc           #.........   30%         3    None
 Yara's Violent Unravell  Hex/Tmut       #####.....   38%         5    #####..
 Metabolic Englaciation   Hex/Ice        ###.......   69%         5    #####..


Dungeon Overview and Level Annotations

Branches:
Dungeon (10/15)            Temple (0/1) D:6            Lair (0/6) D:9
    Orc (0/2) D:9         Ossuary (visited)

Altars:
Ashenzari
Cheibriados
Dithmenos
Hepliaklqana
Kikubaaqudgha
Okawaru
Yredelemnul
Zin

Shops:
D:5 *

Annotations:
D:10 Erica


Innate Abilities, Weirdness & Mutations

You cannot wear most types of armour.
You are very stealthy in the water. (Stealth+)
((You are amphibious.))
You can wear up to eight rings at the same time.
((You can use your tentacles to constrict eight enemies at once.))
((Your skin changes colour to match your surroundings (Stealth+).))
((Your rubbery body absorbs attacks. (AC +1, EV +1)))


Message History

There's nothing there!
You hear some strange, mumbled words.
A bolt of poison appears from out of thin air!
The bolt of poison hits your adder!!
Your adder dies!
The bolt of poison hits you!!
You are poisoned.
* * * LOW HITPOINT WARNING * * *
You feel much better.
You feel sick.
Okay, then.
As you read the scroll labeled ESA UGHEULE, it crumbles to dust.
It is a scroll of enchant weapon.
You aren't carrying any weapons that can be enchanted.
You feel sick.
You hear some strange, mumbled words.
An orb of energy appears from out of thin air!
The orb of energy hits your water moccasin!
Your water moccasin dies!
The orb of energy explodes!
The mystic blast hits you!!
You die...

#..# ##..........#
#.####..## #..........#
.........###.........(#
..........#.....?.....#
........(..#####......#
..........##
#..##.....# .........##
###.## ....##
..###....# #.S.# ##.#
#. ###..# #.##s# # #
#.## ..# ### ####.## #


You could see a friendly adder.

Vanquished Creatures
  An unseen horror (D:10)
  Pikel (D:7)
  An ugly thing (D:9)
  Joseph (D:7)
  A hippogriff (D:9)
  A wyvern (D:10)
  4 yaks (D:10)
  2 wraiths (D:10)
  Menkaure (D:7)
  Duvessa (D:5)
  2 black bears (D:10)
  An ice beast (D:9)
  2 orc warriors (D:9)
  A slave (D:7)
  3 sky beasts
  2 phantoms
  4 ogres
  2 centaurs
  A big kobold (D:10)
  A bullfrog (D:8)
  4 scorpions
  Dowan (D:5)
  3 wights (D:10)
  2 vampire bats (D:5)
  4 crimson imps
  5 orc priests
  2 gnoll shamans
  5 hounds
  3 jellies
  Crazy Yiuf (D:3)
  2 bullfrog skeletons (D:10)
  2 centaur skeletons
  Ijyb (D:3)
  Jessica (D:2)
  6 worker ants
  4 iguanas
  8 orc wizards
  A hound zombie (D:5)
  2 hound skeletons
  5 mummies (Ossuary)
  10 adders
  6 gnolls
  2 shadow imps
  3 oozes
  An adder skeleton (D:4)
  2 worms
  3 dart slugs
  6 leopard geckos
  26 orcs
  5 bats
  A bat skeleton (D:5)
  5 bat zombies (D:5)
  5 giant cockroaches
  8 goblins
  9 hobgoblins
  21 jackals
  8 quokkas
  5 frilled lizards
  A hobgoblin zombie (Ossuary)
  A jackal skeleton (D:9)
  10 kobolds
  A kobold zombie (Ossuary)
  2 leopard gecko skeletons (D:4)
  4 orc zombies (Ossuary)
  6 rats
  2 fungi (D:3)
248 creatures vanquished.

Vanquished Creatures (collateral kills)
  An elephant (D:9)
  A hippogriff (D:9)
  Eustachio (D:6)
  A water moccasin (D:6)
  An ogre (D:6)
  2 phantoms (D:7)
  A centaur (D:5)
  2 crocodiles (D:9)
  2 scorpions
  An orc priest (D:7)
  A worker ant (D:5)
  A big kobold zombie (Ossuary)
  3 mummies (Ossuary)
  Robin (D:2)
  A shadow imp (D:6)
  An orc (D:7)
  3 goblins (D:2)
  2 hobgoblins (D:2)
  An orc zombie (Ossuary)
27 creatures vanquished.

Vanquished Creatures (others)
  A slave (D:7)
1 creature vanquished.

Grand Total: 276 creatures vanquished

Notes
Turn   | Place    | Note
-------+----------+-------------------------------------------
     0 | D:1      | Hugehornet the Octopode Transmuter began the quest for the
                  | Orb.
     0 | D:1      | Reached XP level 1. HP: 13/13 MP: 3/3
    81 | D:1      | You fall into a shaft and drop 1 floor!
    90 | D:2      | Reached XP level 2. HP: 13/18 MP: 3/5
   358 | D:2      | Noticed Jessica
   363 | D:2      | Killed Jessica
   363 | D:2      | Reached XP level 3. HP: 17/23 MP: 4/6
   637 | D:1      | Reached XP level 4. HP: 18/28 MP: 5/7
  1551 | D:2      | Learned a level 2 spell: Sticks to Snakes
  1555 | D:2      | Learned a level 3 spell: Spider Form
  1666 | D:2      | Reached skill level 1 in Poison Magic
  1817 | D:2      | Noticed Robin
  1835 | D:2      | Killed Robin
  1835 | D:2      | Reached XP level 5. HP: 26/33 MP: 1/9
  1977 | D:3      | HP: 1/33 [scorpion (7)]
  2321 | D:3      | Noticed Ijyb
  2340 | D:3      | Killed Ijyb
  2401 | D:3      | Reached skill level 3 in Transmutations
  2479 | D:3      | Reached XP level 6. HP: 26/38 MP: 8/10
  2722 | D:3      | Found a glowing silver altar of Zin.
  2897 | D:3      | Found a snail-covered altar of Cheibriados.
  2986 | D:3      | Became a worshipper of Cheibriados the Contemplative
  3538 | D:3      | Learned a level 4 spell: Ice Form
  3596 | D:3      | Found a runed translucent door.
  3597 | D:3      | Noticed Crazy Yiuf
  3612 | D:3      | Killed Crazy Yiuf
  3612 | D:3      | Reached skill level 1 in Ice Magic
  4056 | D:4      | Reached XP level 7. HP: 33/43 MP: 7/11
  4210 | D:4      | Reached skill level 5 in Unarmed Combat
  4214 | D:4      | Reached * piety under Cheibriados
  4518 | D:4      | Reached skill level 4 in Transmutations
  5332 | D:5      | Entered Level 5 of the Dungeon
  5376 | D:5      | Reached XP level 8. HP: 12/48 MP: 9/13
  5622 | D:5      | Reached ** piety under Cheibriados
  5920 | D:5      | Reached skill level 5 in Transmutations
  6234 | D:5      | Reached skill level 6 in Transmutations
  7007 | D:5      | Noticed Dowan
  7009 | D:5      | Noticed Duvessa
  7021 | D:5      | Killed Dowan
  7021 | D:5      | Reached skill level 1 in Invocations
  7168 | D:5      | Killed Duvessa
  7238 | D:5      | Found Woxkuypt's Assorted Antiques.
  7243 | D:5      | Bought a potion of heal wounds for 130 gold pieces
  7243 | D:5      | Bought a scroll labeled ZUTSURREEBLUMM for 26 gold pieces
  7294 | D:5      | Found an ancient bone altar of Kikubaaqudgha.
  7384 | D:5      | Found a hazy altar of Hepliaklqana.
  7426 | D:6      | Reached *** piety under Cheibriados
  7440 | D:6      | Reached XP level 9. HP: 18/53 MP: 11/15
  7766 | D:6      | Reached skill level 7 in Transmutations
  7773 | D:6      | Learned a level 5 spell: Blade Hands
  7873 | D:6      | Found a staircase to the Ecumenical Temple.
  7947 | D:6      | Noticed Eustachio
  7965 | D:6      | Killed Eustachio
  8003 | D:6      | Found an iron altar of Okawaru.
  8670 | D:7      | Found a shattered altar of Ashenzari.
  8867 | D:7      | Reached skill level 8 in Transmutations
  8922 | D:7      | Noticed Menkaure
  8931 | D:7      | Killed Menkaure
  9047 | D:7      | Learned a level 1 spell: Confusing Touch
  9503 | D:7      | Reached skill level 1 in Stealth
  9730 | D:7      | Noticed Pikel
  9749 | D:7      | Killed Pikel
  9943 | D:7      | Reached **** piety under Cheibriados
 10062 | D:7      | Noticed Joseph
 10098 | D:7      | Killed Joseph
 10605 | D:8      | Reached XP level 10. HP: 61/61 MP: 12/16
 10617 | D:8      | Found a sand-covered staircase.
 10650 | Ossuary  | Entered an ossuary
 11637 | D:9      | Reached ***** piety under Cheibriados
 11652 | D:9      | Noticed a red ugly thing
 11664 | D:9      | Killed a red ugly thing
 11674 | D:9      | Reached skill level 5 in Spellcasting
 12007 | D:9      | Found a staircase to the Orcish Mines.
 12138 | D:9      | Found a shadowy altar of Dithmenos.
 12285 | D:9      | Found a basalt altar of Yredelemnul.
 12479 | D:9      | Noticed an elephant
 12493 | D:9      | Killed an elephant
 12506 | D:9      | Reached skill level 9 in Transmutations
 12563 | D:9      | Found a staircase to the Lair.
 12764 | D:10     | Entered Level 10 of the Dungeon
 13654 | D:10     | Reached skill level 5 in Stealth
 13776 | D:10     | Killed an unseen horror
 13776 | D:10     | Reached XP level 11. HP: 32/69 MP: 19/19
 14174 | D:10     | Noticed Erica
 14191 | D:10     | Killed from afar by Erica

Levels and vault maps discovered:
D:1:      zaba_arrival_water, layout_loops_cross
D:2:      layout_basic, lemuel_statue_altar, uniq_jessica, uniq_robin
D:3:      layout_basic, zin_scriptorium, kennysheep_slug_shrine, uniq_ijyb,
          uniq_crazy_yiuf_cottage
D:4:      layout_basic, first_ration
D:5:      layout_cave_pools, nicolae_overflow_hidden_temple,
          kennysheep_vampire_church, serial_shops,
          nicolae_shop_overgrown_old_shop, minmay_hedge_maze, uniq_duvessa
D:6:      layout_gridville, okawaru_ov_weapons_minmay,
          minmay_temple_entry_statues_pillars, uniq_eustachio
D:7:      layout_gridville, cheibrodos_ashenzari_chains, uniq_menkaure,
          uniq_pikel, uniq_joseph
D:8:      layout_basic, chequers_ossuary_entry_cave
D:9:      layout_loops_ring, overflow_temple_1_default, grunt_dithmenos_shadows,
          david_lair_generic, david_orc_3
D:10:     layout_layer_cave, hangedman_fish_farm, kennysheep_generic_room_13,
          uniq_erica

Skill      XL: |  1  2  3  4  5  6  7  8  9 10 |
---------------+-------------------------------+-----
Unarmed Combat | 4 5 6 7 8 |  8.9
Poison Magic   | 1 3 |  3.4
Transmutations | 3 4 6 8 9 |  9.3
Spellcasting   | 3 4 5 |  5.7
Ice Magic      | 3 4 |  4.0
Invocations    | 2 3 4 |  4.9
Stealth        | 2 5 |  5.7
Fighting       | 2 4 |  4.2
Dodging        | 4 |  4.5

Action                   |  1- 3 |  4- 6 |  7- 9 | 10-12 || total
-------------------------+-------+-------+-------+-------++-------
Melee: Unarmed           |    33 |   196 |   291 |   185 ||   705
       Kick              |     7 |    27 |    50 |    29 ||   113
       Constrict         |     5 |    38 |    34 |    28 ||   105
       Tentacles         |       |    33 |    38 |    28 ||    99
       Punch             |       |     3 |     9 |     8 ||    20
 Cast: Beastly Appendage |     9 |    39 |    46 |    14 ||   108
       Sticks to Snakes  |       |     7 |    27 |    12 ||    46
       Spider Form       |       |     5 |    13 |    10 ||    28
       Blade Hands       |       |       |     5 |     8 ||    13
  Use: Scroll            |       |       |    11 |     5 ||    16
       Potion            |       |       |     3 |     2 ||     5
 Stab: Sleeping          |     1 |     8 |     5 |     6 ||    20
       Distracted        |       |       |     1 |       ||     1
  Eat: Chunk             |       |     8 |     7 |     4 ||    19
       Ration            |       |     1 |     2 |     1 ||     4
Armor: Skin              |       |    10 |    33 |    14 ||    57
Dodge: Dodged            |    27 |    92 |   209 |   142 ||   470
